 Seeded DCSS version 0.27.1-37-g7b29ead8ac (webtiles) character file.

Game seed: 13611373603146284175 (custom seed)

119932 cbfl8 the Severer (level 16, 0/143 HPs)
             Began as a Minotaur Fighter on June 5, 2023.
             Was the Champion of Yredelemnul.
             Succumbed to a swamp dragon's poison gas
             ... on level 4 of the Swamp.
             The game lasted 00:52:25 (33293 turns).

cbfl8 the Severer (Minotaur Fighter)               Turns: 33293, Time: 00:52:26

Health: 0/143      AC: 23    Str: 27    XL:     16   Next: 28%
Magic:  21/21      EV: 12    Int:  5    God:    Yredelemnul [******]
Gold:   1818       SH: 22    Dex: 21    Spells: 15/15 levels left

rFire    . . .     SeeInvis .   a - +5 war axe (flame)
rCold    + . .     Faith    .   e - +2 kite shield {AC+3}
rNeg     . . .     Spirit   .   n - +0 chain mail {Will+}
rPois    .         Reflect  +   A - +1 hat "Reic Voqira" {rC+ Will+ Stlth-}
rElec    .         Harm     .   R - scarf {+Inv}
rCorr    .         Rampage  .   x - +2 pair of gloves
Will     +++..                  G - +2 pair of boots {Stlth+}
Stlth    ..........             r - amulet of reflection
HPRegen  0.33/turn              o - ring of Souticli {+Blink Fly Str+4}
MPRegen  0.17/turn              D - +6 ring of dexterity

@: lethally poisoned (0 -> -22), flying, studying Shields
A: horns 2, retaliatory headbutt
a: Renounce Religion, Evoke Blink, Evoke Invisibility, Recall Undead Slaves,
Injury Mirror, Animate Dead, Drain Life, Enslave Soul


You were on level 4 of the Swamp.
You worshipped Yredelemnul.
Yredelemnul was exalted by your worship.
You visited 5 branches of the dungeon, and saw 28 of its levels.
You also visited: Ossuary and Gauntlet.

You collected 2768 gold pieces.
You spent 950 gold pieces at shops.

Inventory:

Hand Weapons
 a - a +5 war axe of flaming (weapon)
 I - the +8 mithril axe "Arga" {speed, Will+}
   (You bought it in a shop on level 5 of the Dungeon)

   Attacks with this weapon are significantly faster.
   Will:      It increases your willpower.
Missiles
 E - a throwing net
Armour
 e - a +2 kite shield of protection (worn)
 n - a +0 chain mail of willpower (worn)
 x - a +2 pair of gloves (worn)
 A - the +1 hat "Reic Voqira" (worn) {rC+ Will+ Stlth-}
   (You found it in a Gauntlet)

   rC:        It protects you from cold.
   Will:      It increases your willpower.
   Stlth:     It makes you less stealthy.
 G - a +2 pair of boots of stealth (worn)
 H - a scarf of repulsion
 R - a scarf of invisibility (worn)
Jewellery
 o - the ring of Souticli (left hand) {+Blink Fly Str+4}
   (You acquired it on level 12 of the Dungeon)

   [ring of flight]

   Str:       It affects your strength (+4).
   Fly:       It grants you flight.
   +Blink:    It lets you blink.
 q - a ring of poison resistance
 r - an amulet of reflection (around neck)
 D - a +6 ring of dexterity (right hand)
 F - a ring of see invisible
Wands
 h - a wand of iceblast (26)
 u - a wand of paralysis (1)
 J - a wand of charming (8)
 K - a wand of acid (13) (quivered)
 O - a wand of polymorph (9)
 P - a wand of flame (17)
 T - a wand of digging (8)
Scrolls
 j - 12 scrolls of teleportation
 l - 5 scrolls of fog
 s - a scroll of enchant armour
 t - 2 scrolls of fear
 v - 2 scrolls of brand weapon
 y - 6 scrolls of magic mapping
 z - 9 scrolls of immolation
 M - a scroll of silence
 N - a scroll of identify
 S - a scroll of enchant weapon
Potions
 b - 3 potions of mutation
 d - 2 potions of might
 g - 6 potions of flight
 i - 10 potions of curing
 k - 7 potions of cancellation
 m - a potion of ambrosia
 p - 5 potions of haste
 B - 5 potions of lignification
 L - a potion of magic
Miscellaneous
 f - a phial of floods
 w - a tin of tremorstones (2/2)
 Q - a piece from Xom's chessboard (15/15)


   Skills:
 + Level 13.0 Fighting
 + Level 18.1 Axes
 + Level 12.6 Armour
 + Level 4.7 Dodging
 + Level 4.0 Stealth
 + Level 14.7 Shields
 + Level 8.5 Invocations
 * Level 12.5 Evocations


You had 15 spell levels left.
You didn't know any spells.
Your spell library contained the following spells:

 Spells                   Type           Power      Damage    Failure   Level
 Animate Skeleton         Necr           0%         N/A       91%         1
 Beastly Appendage        Tmut           0%         N/A       91%         1
 Freeze                   Ice            0%         1d3       91%         1
 Pain                     Necr           0%         1d4       91%         1
 Summon Small Mammal      Summ           0%         N/A       91%         1
 Slow                     Hex            0%         N/A       97%         2
 Static Discharge         Conj/Air       0%         N/A       97%         2
 Wereblood                Tmut           0%         N/A       97%         2
 Call Canine Familiar     Summ           0%         N/A       100%        3
 Confusing Touch          Hex            0%         N/A       100%        3
 Dazzling Flash           Conj/Hex       0%         N/A       100%        3
 Frozen Ramparts          Ice            0%         1d2       100%        3
 Inner Flame              Hex/Fire       0%         N/A       100%        3
 Ozocubu's Armour         Ice            0%         N/A       100%        3
 Portal Projectile        Hex/Tloc       0%         N/A       100%        3
 Spider Form              Tmut/Pois      0%         N/A       100%        3
 Summon Guardian Golem    Hex/Summ       0%         N/A       100%        3
 Vampiric Draining        Necr           0%         2d6       100%        3
 Animate Dead             Necr           0%         N/A       100%        4
 Cause Fear               Hex            0%         N/A       100%        4
 Hailstorm                Conj/Ice       0%         3d3       100%        4
 Ice Form                 Ice/Tmut       0%         N/A       100%        4
 Iskenderun's Mystic Bla  Conj/Tloc      0%         2d3       100%        4
 Leda's Liquefaction      Hex/Erth       0%         N/A       100%        4
 Summon Ice Beast         Ice/Summ       0%         N/A       100%        4
 Summon Lightning Spire   Summ/Air       0%         N/A       100%        4
 Alistair's Intoxication  Tmut/Pois      0%         N/A       100%        5
 Bolt of Magma            Conj/Fire/Erth 0%         4d4       100%        5
 Borgnjor's Vile Clutch   Necr/Erth      0%         N/A       100%        5
 Lightning Bolt           Conj/Air       0%         1d11      100%        5
 Metabolic Englaciation   Hex/Ice        0%         N/A       100%        5
 Yara's Violent Unravell  Hex/Tmut       0%         3d3       100%        5
 Eringya's Noxious Bog    Tmut/Pois      0%         N/A       100%        6
 Simulacrum               Ice/Necr       0%         N/A       100%        6
 Starburst                Conj/Fire      0%         6d3       100%        6
 Statue Form              Tmut/Erth      0%         N/A       100%        6
 Haunt                    Necr/Summ      0%         N/A       100%        7
 Storm Form               Tmut/Air       0%         N/A       100%        7
 Discord                  Hex            0%         N/A       100%        8
 Infestation              Necr           0%         N/A       100%        8
 Maxwell's Capacitive Co  Air            0%         ∞         100%        8


Dungeon Overview and Level Annotations

Branches:
Dungeon (15/15)            Temple (1/1) D:4            Lair (6/6) D:8
  Swamp (4/4) Lair:4       Spider (0/4) Lair:4        Slime (0/5) Lair:5
    Orc (2/2) D:9             Elf (0/3) Orc:2        Vaults (0/5) D:13
 Depths (0/5) D:15        Ossuary (visited)         Gauntlet (visited)

Altars:
Cheibriados
Elyvilon
Fedhas
Gozag
Hepliaklqana
Nemelex Xobeh
Ru
Trog
Vehumet
Wu Jian
Xom
Yredelemnul
The Shining One

Shops:
D:5 *   D:6 =   D:9 *   Orc:2 [*(:

Annotations:
Lair:5 2 transporters


Innate Abilities, Weirdness & Mutations

You have a pair of horns on your head.
You reflexively headbutt those who attack you in melee.


Message History

* * * LOW HITPOINT WARNING * * *
The three-headed hydra bites your vampire knight.
The three-headed hydra bites your vampire knight! x2
Your vampire knight hits the three-headed hydra with a +3 broad axe!
Your vampire knight hits the goliath frog with a +3 broad axe!!
Your vampire knight bites the three-headed hydra.
Your vampire knight draws strength from the three-headed hydra's injuries!
Yredelemnul accepts your kill.
You feel a bit more experienced. The alligator bites you!
* * * LOW HITPOINT WARNING * * *
The alligator tail-slaps you but does no damage.
Something bites the three-headed hydra!!
Something claws the three-headed hydra!
Something rips one of the three-headed hydra's heads off!
The two-headed hydra grows two more!
Something tramples the four-headed hydra!
The four-headed hydra stumbles backwards!
Okay, then.
Okay, then.
As you read the scroll of fear, it crumbles to dust.
You assume a fearsome visage.
The four-headed hydra looks frightened!
The goliath frog looks frightened!
The alligator looks frightened!
Something hits your bone dragon!
Your bone dragon bites something.
Your bone dragon claws something!
Your bone dragon tramples something!
Something stumbles backwards!
Unknown command.
You feel roots moving beneath the ground.
The goliath frog is healed.
The goliath frog seems to grow more fierce.
Yredelemnul accepts your kill.
The forest abruptly stops moving.
You feel a bit more experienced.
The swamp dragon breathes poison at you.
The blast of poison misses you.
Okay, then.
As you read the scroll of summoning, it crumbles to dust.
Wisps of shadow whirl around you...
You are engulfed in poison gas.
You are lethally poisoned!
* * * LOW HITPOINT WARNING * * *
You die...
Your body rises from the dead as a mindless zombie.

♣♣♣♣♣* ♣♣♣♣♣♣♣♣ ♣♣♣♣♣♣♣
♣♣≈≈≈.♣♣♣♣.☼☼○○☼♣♣♣♣♣.≈♣♣≈♣♣♣
***♣≈≈≈≈..♣≈t≈○☼@☼☼..≈≈.....≈≈≈♣♣
*,,≈≈≈.....D§☼.○☼○D..≈≈<≈≈≈≈≈§≈≈≈
≈≈,♣.≈≈≈≈≈DF♣♣♣☼≈i≈≈≈≈≈≈≈≈≈≈≈≈≈.≈
*,≈≈.≈≈≈≈≈≈.§♣♣..§≈≈≈≈≈≈≈≈≈≈≈≈..≈
***..≈≈≈≈DwZ♣♣♣♣≈§≈.♣§..≈≈≈≈..≈§.
**..≈..D[††♣**♣♣♣≈♣♣♣♣≈≈≈≈.≈≈≈≈.
**,≈≈..≈♣.♣D.≈***♣♣♣ ♣♣♣♣♣♣.≈§.≈
,*≈.≈....Dk..≈.≈* ♣♣≈≈≈≈
,≈≈..≈.##w##≈≈.♣♣**** ♣♣≈≈♣♣♣


You could see an alligator (fleeing, ally target), a six-headed hydra, a swamp
dragon (catching breath), a goliath frog (strong, paralysed, fleeing), a
friendly swamp dragon (summoned, wandering) and a friendly spriggan rider
(summoned, wandering).

Vanquished Creatures
  Mara (Swamp:3)
  Gastronok (Lair:1)
  Kirke (Lair:5)
  A fenstrider witch (Swamp:4)
  An orc warlord (Orc:1)
  A bunyip (Swamp:3)
  2 eleionomae
  2 fire dragons
  12 hydras
  3 centaur warriors
  A death knight (D:12)
  Erica (D:10)
  An ogre mage (D:13)
  3 boulder beetles
  A two-headed ogre (shapeshifter) (D:15)
  6 two-headed ogres
  5 tengu warriors
  3 alligators
  A hell knight (D:15)
  2 orc high priests (Orc:2)
  2 deep trolls (D:15)
  5 goliath frogs
  A swamp dragon (Swamp:4)
  A bog body (Swamp:1)
  2 spriggan druids
  A necromancer (D:15)
  A wizard (D:15)
  An oklob plant (D:12)
  2 deep elf pyromancers
  6 orc knights
  4 orc sorcerers
  A manticore (D:15)
  2 will-o-the-wisps
  2 ugly things
  An apocalypse crab (Gauntlet)
  7 cyclopes
  19 elephants
  6 black mambas
  9 cane toads
  2 gargoyles
  2 molten gargoyles (Lair:6)
  3 unseen horrors
  3 freezing wraiths
  An efreet (D:15)
  An ice devil (Gauntlet)
  2 tengu conjurers
  7 komodo dragons
  2 trolls
  3 meliai (D:13)
  2 dream sheep (Lair:5)
  8 tyrant leeches
  3 hornets
  6 blink frogs
  23 slime creatures
  A shadow (D:11)
  4 wraiths
  7 wyverns
  2 redbacks (Lair:4)
  21 yaks
  2 basilisks
  2 hogs (Lair:5)
  A fire elemental (Lair:2)
  20 vampire mosquitoes
  A steam dragon (Lair:6)
  An acid dragon (D:5)
  2 wargs
  7 swamp worms
  4 hell hounds (Lair:6)
  11 water moccasins
  18 orc warriors
  3 swamp drakes
  A necrophage (D:5)
  An ice beast (D:5)
  3 black bears
  2 sky beasts
  12 wolves
  5 ogres
  14 centaurs
  A kobold brigand (D:9)
  An elf zombie (Ossuary)
  A phantom (D:4)
  A gnoll sergeant (D:9)
  4 bullfrogs
  3 scorpions
  A water moccasin skeleton (D:5)
  6 wights
  An oklob sapling (D:12)
  5 howler monkeys
  4 crimson imps (D:5)
  A centaur zombie (D:7)
  3 lava snakes (Lair:6)
  A bullfrog zombie (D:5)
  A human zombie (Ossuary)
  A hound (D:5)
  9 orc priests
  A jelly (D:5)
  2 gnoll shamans
  Jessica (D:2)
  6 iguanas
  4 centaur skeletons
  13 orc wizards
  2 hound skeletons (D:5)
  4 mummies (Ossuary)
  2 howler monkey zombies
  19 gnolls
  7 adders
  A shadow imp (D:7)
  5 white imps
  2 ufetubi (D:5)
  3 adder zombies (Ossuary)
  2 worms
  5 dart slugs
  36 orcs
  10 ball pythons
  4 bats
  5 endoplasms
  4 giant cockroaches
  A gnoll zombie (Ossuary)
  5 goblins
  5 hobgoblins
  7 jackals
  8 kobolds
  2 quokkas
  A frilled lizard (D:1)
  3 goblin zombies (Ossuary)
  A hobgoblin zombie (Ossuary)
  A jackal zombie (Ossuary)
  5 rats
  A rat zombie (Ossuary)
557 creatures vanquished.

Vanquished Creatures (collateral kills)
  Jorgrun (Orc:1)
  2 eleionomae
  A bunyip (Swamp:1)
  10 hydras
  2 boulder beetles
  An alligator (Swamp:3)
  A catoblepas (Lair:3)
  An orc high priest (Orc:2)
  4 spriggans
  Sonja (Lair:6)
  2 spriggan druids (Swamp:4)
  3 swamp dragons
  2 bog bodies
  A lindwurm (Lair:6)
  3 orc sorcerers
  A cyclops (D:12)
  A will-o-the-wisp (Swamp:3)
  A manticore (D:15)
  9 elephants
  A black mamba (Lair:3)
  A guardian serpent (shapeshifter) (D:13)
  2 cane toads
  A rime drake (Lair:6)
  2 komodo dragons (Lair:6)
  2 polar bears
  3 hornets
  A slime creature (D:12)
  3 tyrant leeches (Swamp:2)
  5 blink frogs
  5 dream sheep (Lair:5)
  2 wyverns
  A hog (Lair:5)
  4 basilisks
  11 yaks
  A vampire mosquito (Swamp:1)
  An acid dragon (D:9)
  A hell hound (Lair:6)
  3 swamp worms (Swamp:1)
  3 water moccasins
  3 swamp drakes
  6 orc warriors
  An ogre (Orc:2)
  A wolf (Lair:4)
  2 bullfrogs
  A scorpion (Lair:1)
  A gnoll sergeant (D:8)
  A howler monkey (D:5)
  3 lava snakes
  A hound (D:5)
  3 orc priests
  An iguana (D:5)
  10 orc wizards
  2 gnolls
  A white imp (D:7)
  14 orcs
  A kobold (D:9)
  A bush (Lair:4)
  A butterfly (Lair:5)
154 creatures vanquished.

Vanquished Creatures (others)
  A spectral rakshasa (Swamp:4)
  2 hydras (Swamp:4)
  A phantasmal warrior (Swamp:1)
  22 flying skulls
  3 vampires
  4 wraiths
  A fenstrider witch zombie (Swamp:4)
  2 goliath frog zombies
  A wight (Lair:3)
  A swamp worm zombie (Swamp:3)
  An alligator zombie (Swamp:3)
  An elephant slug zombie (Lair:1)
  4 hydra zombies
  2 blink frog zombies (Lair:6)
  A hornet zombie (Swamp:2)
  A hydra skeleton (Lair:6)
  A mummy (D:13)
  A cane toad zombie (Lair:6)
  A hog zombie (Lair:5)
  A tengu zombie (D:14)
  A tyrant leech zombie (Swamp:3)
  5 vampire mosquito zombies
  A black mamba skeleton (Lair:6)
  A wolf zombie (Lair:2)
  6 centaur zombies
  6 elephant zombies (Lair:6)
  An elf zombie (D:13)
  A human zombie (D:15)
  2 komodo dragon zombies (Lair:6)
  A spriggan zombie (Swamp:3)
  A swamp dragon zombie (Swamp:4)
  A warg zombie (D:15)
  3 water moccasin zombies
  A wyvern skeleton (Lair:6)
  A wyvern zombie (D:10)
  2 basilisk zombies (Lair:6)
  A quokka (D:10)
  An adder zombie (D:12)
  A bullfrog zombie (D:7)
  A gnoll zombie (D:8)
  2 howler monkey zombies (D:10)
  2 jackal zombies (D:12)
  3 ogre zombies
  7 orc zombies
  A swamp drake zombie (Swamp:4)
  A bush (D:12)
  11 foxfires
  61 fungi
  87 plants
  19 withered plants (Gauntlet)
284 creatures vanquished.

Grand Total: 995 creatures vanquished

Notes
Turn   | Place    | Note
-------+----------+-------------------------------------------
     0 | D:1      | cbfl8 the Minotaur Fighter began the quest for the Orb.
     0 | D:1      | Reached XP level 1. HP: 19/19 MP: 0/0
   201 | D:1      | Reached XP level 2. HP: 27/27 MP: 1/1
   484 | D:1      | Found a faded altar of an unknown god.
   915 | D:2      | Reached skill level 3 in Axes
   915 | D:2      | Reached XP level 3. HP: 12/33 MP: 2/2
   918 | D:2      | Reached skill level 1 in Evocations
  1222 | D:2      | Noticed Jessica
  1224 | D:2      | Killed Jessica
  1225 | D:2      | Reached XP level 4. HP: 36/40 MP: 3/3
  2089 | D:2      | Reached skill level 4 in Axes
  2693 | D:3      | Found a snail-covered altar of Cheibriados.
  2811 | D:4      | Reached XP level 5. HP: 46/46 MP: 4/4
  3297 | D:4      | Noticed a phantom
  3311 | D:4      | Killed a phantom
  3312 | D:4      | Reached skill level 5 in Axes
  3312 | D:4      | Reached skill level 1 in Dodging
  3312 | D:4      | Reached XP level 6. HP: 34/52 MP: 5/5
  3480 | D:4      | Reached skill level 5 in Armour
  3709 | D:4      | Found a staircase to the Ecumenical Temple.
  4007 | Temple   | Entered the Ecumenical Temple
  4013 | Temple   | Became a worshipper of Yredelemnul the Dark
  4090 | D:5      | Entered Level 5 of the Dungeon
  4147 | D:5      | Found a sand-covered staircase.
  4152 | Ossuary  | Entered an ossuary
  4167 | Ossuary  | Reached XP level 7. HP: 41/60 MP: 6/6
  4371 | Ossuary  | Reached skill level 5 in Shields
  4720 | D:5      | Found a shimmering altar of Xom.
  4760 | D:5      | Found a radiant altar of Vehumet.
  4785 | D:5      | Reached skill level 6 in Axes
  4862 | D:5      | Found a sparkling altar of Nemelex Xobeh.
  5169 | D:5      | Found Kita's General Store.
  5233 | D:5      | Reached * piety under Yredelemnul
  5243 | D:5      | Reached skill level 5 in Fighting
  5592 | D:5      | Reached XP level 8. HP: 28/68 MP: 7/7
  5681 | D:5      | Reached skill level 7 in Axes
  5858 | D:5      | Noticed a two-headed ogre
  5867 | D:5      | Killed a two-headed ogre
  5868 | D:5      | Reached skill level 8 in Axes
  6054 | D:5      | Reached skill level 1 in Invocations
  6074 | D:5      | Reached XP level 9. HP: 74/74 MP: 8/8
  6082 | D:5      | Reached skill level 5 in Evocations
  6799 | D:6      | Found Peul Onass's Jewellery Shoppe.
  6820 | D:6      | Found an opulent altar of Gozag.
  6959 | D:6      | Reached skill level 9 in Axes
  7435 | D:7      | Found a bloodstained altar of Trog.
  7763 | D:7      | Noticed an unseen horror
  7781 | D:7      | Killed an unseen horror
  8391 | D:8      | Reached ** piety under Yredelemnul
  8561 | D:8      | Reached skill level 10 in Axes
  8830 | D:8      | Found a staircase to the Lair.
  9337 | D:9      | Reached XP level 10. HP: 67/84 MP: 10/10
  9476 | D:9      | Found a staircase to the Orcish Mines.
  9868 | D:9      | Found an ornate altar of the Wu Jian Council.
 10584 | D:9      | Found Cosos's Serpentskin Sales.
 10761 | D:10     | Entered Level 10 of the Dungeon
 10784 | D:10     | Noticed Erica
 11083 | D:10     | Killed Erica
 11084 | D:10     | Reached skill level 11 in Axes
 11182 | D:10     | Reached skill level 1 in Stealth
 11361 | D:10     | Found a hazy altar of Hepliaklqana.
 11527 | D:10     | Noticed a two-headed ogre
 11534 | D:10     | Killed a two-headed ogre
 11634 | D:10     | Noticed a gargoyle
 11643 | D:10     | Killed a gargoyle
 11677 | D:10     | Reached XP level 11. HP: 40/92 MP: 12/12
 11949 | D:10     | Found a white marble altar of Elyvilon.
 11958 | D:10     | Found a blossoming altar of Fedhas.
 12186 | D:11     | Reached *** piety under Yredelemnul
 12640 | D:5      | Bought the +8 mithril axe "Arga" {speed, Will+} for 775
                  | gold pieces
 12640 | D:5      | Found the +8 mithril axe "Arga" {speed, Will+}
 13154 | D:11     | Noticed a brown ugly thing
 13161 | D:11     | Killed a brown ugly thing
 13547 | D:12     | Noticed a death knight
 13568 | D:12     | Killed a death knight
 13569 | D:12     | Reached skill level 12 in Axes
 13740 | D:12     | Found a gate leading to a gauntlet.
 13744 | D:12     | Noticed a boulder beetle
 13754 | D:12     | Killed a boulder beetle
 13759 | Gauntlet | Entered a Gauntlet
 13759 | Gauntlet | Noticed a necromancer
 13759 | Gauntlet | Found a transporter.
 13759 | Gauntlet | Found a transporter.
 13759 | Gauntlet | Found a transporter.
 13759 | Gauntlet | Found a runed translucent gate.
 13764 | Gauntlet | Noticed a tengu warrior
 13897 | Gauntlet | Found a transporter.
 13898 | Gauntlet | Found a transporter.
 13899 | Gauntlet | Found a runed translucent gate.
 13899 | Gauntlet | Found a large runed translucent door.
 13900 | Gauntlet | Found a runed translucent gate.
 13900 | Gauntlet | Found a large runed translucent door.
 13901 | Gauntlet | Found a large runed translucent door.
 13901 | Gauntlet | Found a large runed translucent door.
 13901 | Gauntlet | Found a transporter.
 13901 | Gauntlet | Found a runed translucent door.
 13902 | Gauntlet | Found a large runed translucent door.
 13903 | Gauntlet | Found a large runed translucent door.
 13904 | Gauntlet | Found a large runed translucent door.
 13904 | Gauntlet | Found a large runed translucent door.
 13905 | Gauntlet | Found a runed translucent gate.
 13905 | Gauntlet | Found a runed translucent gate.
 13907 | Gauntlet | Found a transporter.
 13908 | Gauntlet | Noticed a fire crab
 13910 | Gauntlet | Found a transporter.
 13912 | Gauntlet | Found a transporter.
 13913 | Gauntlet | Found a transporter.
 13916 | Gauntlet | Noticed a reaper
 13921 | Gauntlet | Found a transporter.
 13923 | Gauntlet | Found a transporter.
 13949 | Gauntlet | Found a runed translucent door.
 14015 | Gauntlet | Found a large runed translucent door.
 14016 | Gauntlet | Found a large runed translucent door.
 14017 | Gauntlet | Found a large runed translucent door.
 14017 | Gauntlet | Found a large runed translucent door.
 14017 | Gauntlet | Found a runed translucent door.
 14018 | Gauntlet | Found a large runed translucent door.
 14019 | Gauntlet | Found a large runed translucent door.
 14020 | Gauntlet | Found a large runed translucent door.
 14020 | Gauntlet | Found a large runed translucent door.
 14021 | Gauntlet | Found a runed translucent gate.
 14139 | Gauntlet | Killed a tengu warrior
 14140 | Gauntlet | Reached skill level 13 in Axes
 14199 | Gauntlet | Reached XP level 12. HP: 103/103 MP: 14/14
 14237 | Gauntlet | Identified the +1 hat "Reic Voqira" {rC+ Will+ Stlth-}
 14292 | Gauntlet | Identified the +7 long sword of Untruth {chaos, Int+4
                  | Dex+4}
 14292 | Gauntlet | Noticed a minotaur
 14616 | D:12     | Identified a scroll of acquirement
 14616 | D:12     | Acquired the ring of Souticli {+Blink Fly Str+4}
 14788 | D:12     | Noticed a two-headed ogre
 14793 | D:12     | Killed a two-headed ogre
 14811 | D:12     | Received a gift from Yredelemnul (a mummy)
 15155 | D:12     | Received a gift from Yredelemnul (2 flying skulls)
 15221 | D:12     | Reached skill level 10 in Armour
 15984 | D:13     | Noticed a two-headed ogre
 15984 | D:13     | Noticed a two-headed ogre
 15986 | D:13     | Noticed an ogre mage
 15987 | D:13     | Found a gate to the Vaults.
 15988 | D:13     | Noticed a tengu warrior
 15988 | D:13     | Noticed a tengu warrior
 15992 | D:13     | Killed a two-headed ogre
 15993 | D:13     | Killed a two-headed ogre
 15999 | D:13     | Killed a tengu warrior
 16005 | D:13     | Killed an ogre mage
 16005 | D:13     | Reached **** piety under Yredelemnul
 16006 | D:13     | Reached skill level 14 in Axes
 16012 | D:13     | Killed a tengu warrior
 16013 | D:13     | Reached skill level 10 in Shields
 16311 | D:13     | Noticed a boulder beetle
 16322 | D:13     | Killed a boulder beetle
 16925 | D:13     | Noticed a two-headed ogre
 16932 | D:13     | Killed a two-headed ogre
 16978 | D:13     | Noticed a centaur warrior
 16979 | D:13     | Killed a centaur warrior
 17136 | D:13     | Noticed a centaur warrior
 17140 | D:13     | Killed a centaur warrior
 17141 | D:13     | Reached XP level 13. HP: 111/111 MP: 15/15
 17200 | D:13     | Found a sacrificial altar of Ru.
 17687 | D:14     | Reached skill level 5 in Invocations
 17819 | D:14     | Noticed a fire dragon
 17831 | D:14     | HP: 4/111 [fire dragon (6)]
 17835 | D:14     | Killed a fire dragon
 18135 | D:14     | Received a gift from Yredelemnul (a wraith)
 18636 | D:15     | Entered Level 15 of the Dungeon
 18672 | D:15     | Reached skill level 10 in Fighting
 18672 | D:15     | Reached skill level 15 in Axes
 18689 | D:15     | Found a staircase to the Depths.
 18861 | D:15     | Reached skill level 10 in Evocations
 19068 | D:15     | Received a gift from Yredelemnul (5 flying skulls)
 19155 | D:15     | Found a blossoming altar of Fedhas.
 20409 | Lair:1   | Entered Level 1 of the Lair of Beasts
 20505 | Lair:1   | Noticed Gastronok
 20515 | Lair:1   | Killed Gastronok
 20527 | Lair:1   | Identified the +4 hand axe "Muaprum" {freeze, rPois Will++}
 20615 | Lair:1   | Your ally Gastronok died
 20626 | Lair:1   | Reached XP level 14. HP: 124/124 MP: 16/16
 21441 | Lair:2   | Reached skill level 16 in Axes
 21574 | Lair:2   | Received a gift from Yredelemnul (a wight)
 22268 | Lair:3   | Reached ***** piety under Yredelemnul
 22439 | Lair:3   | Received a gift from Yredelemnul (5 flying skulls)
 23480 | Lair:4   | Received a gift from Yredelemnul (5 flying skulls)
 23517 | Lair:4   | Found a hole to the Spider Nest.
 23523 | Lair:4   | Found a staircase to the Swamp.
 23673 | Lair:4   | Received a gift from Yredelemnul (a wraith)
 24398 | Lair:4   | Acquired a manual of Shields
 24409 | Lair:5   | Noticed Kirke
 24419 | Lair:5   | Killed Kirke
 24457 | Lair:5   | Found a transporter.
 24559 | Lair:5   | Found a staircase to the Slime Pits.
 24639 | Lair:5   | Found a transporter.
 24711 | Lair:5   | Received a gift from Yredelemnul (a phantasmal warrior)
 25056 | Lair:6   | Entered Level 6 of the Lair of Beasts
 25088 | Lair:6   | Noticed Sonja
 25102 | Lair:6   | Killed Sonja
 25433 | Lair:6   | Reached skill level 17 in Axes
 25476 | Lair:6   | Reached XP level 15. HP: 130/132 MP: 18/18
 26332 | Lair:6   | Found a large runed translucent door.
 26332 | Lair:6   | Found a large runed translucent door.
 26357 | Lair:6   | Reached ****** piety under Yredelemnul
 26364 | Lair:6   | Received a gift from Yredelemnul (a wraith)
 27170 | Orc:1    | Entered Level 1 of the Orcish Mines
 27183 | Orc:1    | Noticed Jorgrun
 27202 | Orc:1    | Killed Jorgrun
 27203 | Orc:1    | Received a gift from Yredelemnul (a vampire)
 27225 | Orc:1    | Noticed an orc warlord
 27235 | Orc:1    | Killed an orc warlord
 27701 | Orc:2    | Entered Level 2 of the Orcish Mines
 27720 | Orc:2    | Received a gift from Yredelemnul (5 flying skulls)
 27857 | Orc:1    | Received a gift from Yredelemnul (a vampire)
 28351 | Orc:2    | Found a staircase to the Elven Halls.
 28781 | Orc:2    | Received a gift from Yredelemnul (a wraith)
 28866 | Orc:2    | Found Poxzotuh's Book Shop.
 28866 | Orc:2    | Found Dutyguill's Armour Shop.
 28871 | Orc:2    | Received a gift from Yredelemnul (a vampire knight)
 28875 | Orc:2    | Found Baoxif's Assorted Antiques.
 29180 | Orc:2    | Found Rarphixu's Antique Weapon Shoppe.
 29201 | Orc:2    | Bought a scroll of teleportation for 75 gold pieces
 29201 | Orc:2    | Bought a scroll of identify for 50 gold pieces
 29202 | Orc:2    | Bought a scroll of identify for 50 gold pieces
 29612 | Swamp:1  | Entered Level 1 of the Swamp
 29815 | Swamp:1  | Received a gift from Yredelemnul (a vampire)
 31691 | Swamp:3  | Received a gift from Yredelemnul (a bone dragon)
 31772 | Swamp:3  | Reached XP level 16. HP: 100/141 MP: 19/21
 31805 | Swamp:3  | Noticed Mara
 31812 | Swamp:3  | Noticed cbfl8's illusion
 31822 | Swamp:3  | Killed Mara
 31823 | Swamp:3  | Reached skill level 18 in Axes
 32565 | Swamp:4  | Entered Level 4 of the Swamp
 32717 | Swamp:4  | Received a gift from Yredelemnul (a bone dragon)
 33281 | Swamp:4  | Your ally Mara died
 33293 | Swamp:4  | HP: 4/143 [swamp dragon] (6)]
 33293 | Swamp:4  | Succumbed to a swamp dragon's poison gas

Illustrated notes

Levels and vault maps discovered:
D:1:      evilmike_arrival_fibonacci_small, layout_basic,
          dreamdust_ecumenical_altar_angels_and_demons, minmay_pentomino_v2
D:2:      layout_loops_ring, serial_co_window_serial,
          co_window_of_opportunity_a, co_window_paths_a, co_window_paths_a,
          co_window_of_opportunity_a, co_window_corner_a, co_window_paths_a,
          co_window_of_opportunity_a, co_window_paths_b, co_window_paths_a,
          co_window_paths_c, co_window_corner_b, co_window_broadway_c,
          co_window_2corner, co_window_of_opportunity_b,
          co_window_of_opportunity_b, glass_columns_b, glass_columns_a,
          glass_columns_c, glass_columns_a, kennysheep_potato, uniq_jessica
D:3:      layout_rooms, chei_slow_surprise
D:4:      layout_basic, minmay_temple_entry_crystal_x, grunt_ministairs_13,
          st_stairs_5, grunt_decor_mini_mirrors
D:5:      kennysheep_windowed_halls, layout_loops_corners, led_xom_imps,
          old_standard_altar, lemuel_crystal_altar, nicolae_ossuary_entry_plus,
          serial_shops, shop_fountains, minivault_1, fountainhead,
          kennysheep_another_room, kennysheep_generic_room_11
D:6:      layout_basic, nicolae_gozag_cash_rules_everything_around_me,
          serial_shops, shop_statue
D:7:      layout_rooms, mainiacjoe_overflow_alcove_2
D:8:      layout_basic, dpeg_oklobed_lair, mrwooster_statue_mirror,
          chequers_avenue, lemuel_flamethrower_2
D:9:      layout_grid_maze, mainiacjoe_overflow_concentric_impassable,
          orc_0_dummy, guppyfry_shop_venom
D:10:     layout_irregular_city, elyvilon_altar_4,
          mainiacjoe_overflow_six_doors_small, nicolae_hepliaklqana_hazy_memory,
          uniq_erica
D:11:     layout_loops_ring, serial_rivers, chequers_serial_rivers_room_a,
          chequers_serial_rivers_micro_e, chequers_serial_rivers_large_a,
          chequers_serial_rivers_micro_e, chequers_serial_rivers_marsh,
          chequers_serial_rivers_micro_a
D:12:     layout_long_grid, gauntlet_entry_generic, introduction_to_nature_2
D:13:     layout_gridville, david_vaults_2, nicolae_ru_the_path_less_chosen
D:14:     layout_gridville, wad_floor_pattern_1
D:15:     hangedman_depths_entry_civil_slaughter, layout_layer_cave,
          fedhas_altar_4
Temple:   nicolae_temple_hex_pool
Lair:1:   layout_loops_ring, chequers_serial_rivers_large_b,
          lemuel_fruit_fields, uniq_gastronok
Lair:2:   layout_gridlike, nzn_sisyphean_effort
Lair:3:   layout_hall_layers, serial_bayou_pond_a
Lair:4:   layout_long_grid, minmay_swamp_entry_worms, spider_nest_entry_webs
Lair:5:   gammafunk_worm_tunnel, layout_hall_layers, slime_dummy,
          serial_bayou_shore_a, infiniplex_staircase_pool, lemuel_fruit_fields,
          uniq_kirke
Lair:6:   cheibrodos_lair_end_hotspot, layout_gridlike, uniq_sonja
Swamp:1:  layout_basic_swamp, nicolae_swamp_big_swirl
Swamp:2:  layout_falls_marsh, nicolae_swamp_bean_lake, swamp_pool5
Swamp:3:  layout_falls_marsh, evilmike_swamp_ruin_house_2, uniq_mara
Swamp:4:  swamp, layout_basic_swamp, swamp_pool1, uniq_bai_suzhen
Orc:1:    layout_caves, uniq_jorgrun
Orc:2:    st_orc_elflike, layout_diamond_mine

Skill      XL: |  1  2  3  4  5  6  7  8  9 10 11 12 13 14 15 16 |
---------------+-------------------------------------------------+-----
Axes           | 3 4 5 6 8 10 11 13 14 15 17 18 | 18.1
Fighting       | 4 5 6 7 8 9 11 12 13 | 13.0
Armour         | 4 5 6 7 8 9 10 11 12 | 12.6
Shields        | 4 5 6 7 8 9 10 11 12 14 | 14.7
Evocations     | 1 2 3 4 5 7 8 9 10 11 12 | 12.5
Dodging        | 1 2 3 4 |  4.7
Invocations    | 1 2 3 4 5 6 8 |  8.5
Stealth        | 1 2 3 4 |  4.0

Action                   |  1- 3 |  4- 6 |  7- 9 | 10-12 | 13-15 | 16-18 || total
-------------------------+-------+-------+-------+-------+-------+-------++-------
Melee: War axe           |    55 |   128 |   210 |   125 |   129 |    32 ||   679
       Headbutt          |     6 |    23 |    38 |   114 |   292 |    17 ||   490
       Broad axe         |       |       |       |   239 |   749 |    21 ||  1009
Invok: Animate Remains   |       |       |    21 |    13 |       |       ||    34
       Recall Undead Sla |       |       |       |     2 |    19 |       ||    21
       Animate Dead      |       |       |       |    18 |    88 |     5 ||   111
       Drain Life        |       |       |       |       |     1 |       ||     1
       Enslave Soul      |       |       |       |       |       |     1 ||     1
Evoke: Wand              |       |       |     1 |    13 |     4 |       ||    18
  Use: Potion            |     1 |       |     2 |     5 |     5 |     2 ||    15
       Scroll            |       |    12 |     7 |    14 |    10 |     4 ||    47
 Stab: Paralysed         |       |       |       |    11 |       |       ||    11
       Distracted        |       |       |       |     3 |    11 |     1 ||    15
       Confused          |       |       |       |       |     2 |       ||     2
Armor: Scale mail        |    27 |    69 |    56 |       |       |       ||   152
       Chain mail        |       |       |    21 |   124 |   229 |    30 ||   404
Dodge: Dodged            |    16 |    41 |    79 |   109 |   151 |    24 ||   420
Block: Kite shield       |    19 |   111 |   164 |   342 |   567 |    53 ||  1256
       Reflection        |       |       |       |    22 |    21 |     1 ||    44
